 Dungeon Crawl Stone Soup version 0.20.1-1-g8b1a95d (webtiles) character file.

130 JeffiDaFish the Shield-Bearer (level 5, -6/33 HPs)
             Began as a Gargoyle Fighter on Oct 24, 2017.
             Killed from afar by a white imp (10 damage)
             ... with a puff of frost
             ... summoned by jamwa's ghost
             ... on level 3 of the Dungeon.
             The game lasted 00:03:32 (1407 turns).

JeffiDaFish the Shield-Bearer (Gargoyle Fighter)    Turns: 1407, Time: 00:03:33

Health: -6/33      AC: 13    Str: 18 (19) XL:     5   Next: 14%
Magic:  5/5        EV:  7    Int:  7 (9)  God:
Gold:   120        SH:  9    Dex:  9 (10) Spells: 4/4 levels left

rFire    . . .     SeeInvis .   a - +0 flail
rCold    . . .     Gourm    .   c - +0 shield
rNeg     + . .     Faith    .   b - +0 scale mail
rPois    ∞         Spirit   .   (no helmet)
rElec    +         Reflect  .   e - +1 cloak
rCorr    .         Harm     .   (no gloves)
MR       .....                  (no boots)
Stlth    ..........             (no amulet)
Regen    0.2/turn               (no ring)
MPRegen  0.1/turn               (no ring)

@: no status effects
A: negative energy resistance 1, electricity resistance, unbreathing,
petrification resistance, rot immunity, AC +4
a: no special abilities


You were on level 3 of the Dungeon.
You were not hungry.

You visited 1 branch of the dungeon, and saw 3 of its levels.

You collected 120 gold pieces.

Inventory:

Hand Weapons
 a - a +0 flail (weapon)
Armour
 b - a +0 scale mail (worn)
 c - a +0 shield (worn)
 e - a +1 cloak (worn)
Scrolls
 j - a scroll of fear
 m - a scroll of teleportation
Potions
 d - a potion of might
 k - a potion of curing
 l - a potion of ambrosia
Comestibles
 f - 3 bread rations
 g - 3 royal jellies
 h - 5 chunks of flesh
 i - a meat ration


   Skills:
 + Level 3.8 Fighting
 + Level 3.3 Maces & Flails
 + Level 4.0 Armour
 + Level 0.4 Dodging
 + Level 0.2 Stealth
 + Level 4.3 Shields


You had 4 spell levels left.
You didn't know any spells.

Dungeon Overview and Level Annotations

Branches:
Dungeon (3/15)

Altars:
Makhleb
Uskayaw

Annotations:
D:3 jamwa's ghost, amateur DEWz


Innate Abilities, Weirdness & Mutations

You are resistant to torment.
Your stone body is resilient. (AC +4)
You are immune to poison.
You resist negative energy. (rN+)
You are resistant to electric shocks. (rElec)
You can survive without breathing.
You are immune to petrification.
You are immune to rotting.


Message History

Jamwa's ghost gestures at you while chanting.
The magic dart hits you!
You closely miss jamwa's ghost.
Jamwa's ghost is severely damaged.
Jamwa's ghost mumbles some strange words.
Jamwa's ghost blinks!
The crimson imp blinks!
The white imp gestures at you. The puff of frost hits you!
The crimson imp lashes its tail.
Jamwa's ghost lets out a mournful wail.
Jamwa's ghost hits you but does no damage.
The white imp gestures at you. The puff of frost hits you!
* * * LOW HITPOINT WARNING * * *
You miss jamwa's ghost.
Jamwa's ghost is severely damaged.
The crimson imp shouts, "Face thy requiem, thou unmuzzled bat-fowling pissant!"
The white imp gestures at you. The puff of frost hits you!
You die...

## # .#.####
###########5......
# #...<.5.†.@W..#
....#.#.#.#########
.....W..#.#
..............[
....#.....##### ...
####### #. #


You could see jamwa's ghost, a crimson imp and a white imp.

Vanquished Creatures
  Terence (D:2)
  4 adders
  2 oozes
  2 worms (D:2)
  2 dart slugs (D:1)
  2 leopard geckos (D:2)
  6 giant cockroaches
  3 goblins
  3 hobgoblins
  4 jackals (D:2)
  A quokka (D:2)
  A ball python (D:2)
  5 bats
  2 frilled lizards
  7 kobolds
  7 rats
52 creatures vanquished.

Notes
Turn   | Place    | Note
-------+----------+-------------------------------------------
     0 | D:1      | JeffiDaFish the Gargoyle Fighter began the quest for the Orb.
     0 | D:1      | Reached XP level 1. HP: 14/14 MP: 1/1
   185 | D:1      | Reached XP level 2. HP: 13/19 MP: 2/2
   588 | D:1      | Reached XP level 3. HP: 22/23 MP: 3/3
   675 | D:2      | Noticed Terence
   697 | D:2      | Killed Terence
   719 | D:2      | Found a burning altar of Makhleb.
   765 | D:2      | Found a hide-covered altar of Uskayaw.
   772 | D:2      | Reached XP level 4. HP: 27/29 MP: 4/4
  1351 | D:3      | Noticed jamwa's ghost (amateur DEWz)
  1364 | D:3      | Reached XP level 5. HP: 32/33 MP: 5/5
  1407 | D:3      | Killed from afar by a white imp

Skill      XL: |  1  2  3  4 |
---------------+-------------+-----
Shields        | 4 |  4.3
Maces & Flails | 3 |  3.3
Armour         | 4 |  4.0
Fighting       | |  3.8
Dodging        | |  0.4
Stealth        | |  0.2

Action                   |  1- 3 |  4- 6 || total
-------------------------+-------+-------++-------
Melee: Flail             |    89 |   161 ||   250
  Use: Potion            |     6 |     2 ||     8
       Scroll            |     1 |     4 ||     5
  Eat: Chunk             |       |     2 ||     2
Armor: Scale mail        |    51 |   113 ||   164
Dodge: Dodged            |    25 |    67 ||    92
Block: Shield            |    52 |    88 ||   140
